 Dungeon Crawl Stone Soup version 0.32-a0-918-g0f22ef8d61 (webtiles) character file.

Game seed: 13610955932907729024

1093 miroman the Trooper (level 8, 0/62 HPs)
             Began as a Djinni Conjurer on Apr 10, 2024.
             Was an Initiate of Ashenzari.
             Slain by a gnoll
             ... wielding a +0 halberd
             ... led by a gnoll bouda
              (6 damage)
             ... on level 5 of the Dungeon.
             The game lasted 00:05:13 (3163 turns).

miroman the Trooper (Djinni Conjurer)               Turns: 3163, Time: 00:05:13

Health: 0/62       AC:  5    Str:  6    XL:     8   Next: 57%
Gold:   163        EV: 11    Int: 22    God:    Ashenzari [......] SH:  0 Dex: 14

rFire   + + .        p - +10 dagger "Buesi" {freeze, ^Fragile Dex+2 Stlth+}
rCold   x . .        (no shield)
rNeg    . . .        a - +0 robe
rPois   ∞            g - +1 hat
rElec   .            (no cloak)
rCorr   .            v - +1 pair of gloves
SInv    .            (boots unavailable)
Will    +....        (no amulet)
Stlth   +++          q - ring of willpower
HPRegen 0.30/turn    (no ring)

%: infuse magic (-1 HP)
@: flying
A: sickness immunity, fire resistance 2, cold vulnerability 1, float, innate
caster, HP casting, extra vitality 1
a: Renounce Religion


You were on level 5 of the Dungeon.
You worshipped Ashenzari.
Ashenzari was noncommittal.
You visited 1 branch of the dungeon, and saw 5 of its levels.

You collected 163 gold pieces.

Inventory:

Hand Weapons
 p - the +10 dagger "Buesi" (weapon) {freeze, ^Fragile Dex+2 Stlth+}
   (You took it off a hobgoblin on level 2 of the Dungeon)

   Dex+2:     It affects your dexterity (+2).
   ^Fragile:  It will be destroyed if unequipped.
   Stlth+:    It makes you more stealthy.
Missiles
 e - 4 curare-tipped darts
 k - 8 poisoned darts
Armour
 a - a +0 robe (worn)
 g - a +1 hat (worn)
 v - a +1 pair of gloves (worn)
Jewellery
 q - a ring of willpower (left hand)
Scrolls
 b - a scroll of amnesia {unknown}
 d - 2 scrolls of enchant armour
 i - a scroll of immolation
 u - a scroll of fog {unknown}
 z - 2 scrolls of blinking
Potions
 c - a potion of degeneration {unknown}
 f - a potion of curing
 h - a potion of berserk rage {unknown}
 j - a potion of magic {unknown}
 l - 3 potions of attraction {unknown}
 o - 2 potions of cancellation {unknown}
 r - a potion of mutation {unknown}
 s - a potion of lignification {unknown}
 w - a potion of haste {unknown}
 x - 2 potions of ambrosia {unknown}


   Skills:
 * Level 6.7 Fighting
 - Level 2.1 Dodging
 - Level 1.5 Stealth
 * Level 6.2 Spellcasting
 * Level 6.2 Conjurations
 * Level 6.2 Hexes
   Level 0.0 Charms
 * Level 6.2 Summonings
 * Level 6.2 Necromancy
 * Level 6.2 Translocations
   Level 0.0 Transmutations
 * Level 6.2 Fire Magic
 * Level 6.2 Ice Magic
 * Level 6.2 Air Magic
 * Level 6.2 Earth Magic
 * Level 6.2 Alchemy


You knew the following spells:

 Your Spells              Type           Power      Damage    Failure   Level
a - Magic Dart            Conj           100%       1d8       1%          1
b - Searing Ray           Conj           68%        2d6       1%          2
c - Fulminant Prism       Conj/Alch      17%        3d11      7%          4
d - Iskenderun's Mystic Conj/Tloc 34%            2d8        (+2d4     7%          4
e - Freeze                Ice            100%       1d10      1%          1
f - Momentum Strike       Conj/Tloc      68%        3d9       1%          2
g - Mercury Vapours       Alch/Air       68%        N/A       1%          2
Your spell library was empty.

Dungeon Overview and Level Annotations

Branches:
Dungeon (5/15)
 Temple: D:4-7

Altars:
Ashenzari
Gozag
Uskayaw
Wu Jian
Yredelemnul
The Shining One

Shops:
D:1 !


Innate Abilities, Weirdness & Mutations

You are immune to sickness and miasma.
You are immune to poison.
Your flesh is very heat resistant. (rF++)
You are vulnerable to cold. (rC-)
You float through the air rather than walking.
You learn spells naturally, not from books.
Your magical power is your life essence.
You have superior vitality. (+4 MHP)


Message History

The gnoll bouda is lightly wounded.
The gnoll bouda is knocked back by the mystic blast.
The gnoll bouda slams into the rock wall.
The gnoll bouda is moderately wounded.
Casting: Iskenderun's Mystic Blast (dangerous; 7% risk of failure)
Confirm with . or Enter, or press ? or * to list all spells.
You erupt in a blast of force!
The mystic blast hits the gnoll bouda!
The gnoll bouda is severely wounded.
The gnoll bouda is knocked back by the mystic blast.
The gnoll bouda slams into the rock wall.
The gnoll bouda is almost dead.
Casting: Iskenderun's Mystic Blast (dangerous; 7% risk of failure)
Confirm with . or Enter, or press ? or * to list all spells.
You erupt in a blast of force!
The mystic blast hits the gnoll!
The gnoll is almost dead.
The gnoll is knocked back by the mystic blast.
The gnoll collides with the gnoll.
The gnoll is heavily wounded.
You kill the gnoll!
The mystic blast hits the gnoll!
The gnoll is severely wounded.
The gnoll is knocked back by the mystic blast.
The mystic blast hits the gnoll bouda.
You kill the gnoll bouda!
Found an escape hatch in the floor.
You see here a scorpion corpse.
Your attacks no longer feel as feeble.
The gnoll is no longer moving quickly.
The gnoll hits you with a +0 flail!
* * * LOW HITPOINT WARNING * * *
The gnoll is no longer moving quickly.
There is an escape hatch in the ceiling here.
Casting: Iskenderun's Mystic Blast (dangerous; 7% risk of failure)
Confirm with . or Enter, or press ? or * to list all spells.
You erupt in a blast of force!
The mystic blast hits the gnoll.
The gnoll is almost dead.
The gnoll is knocked back by the mystic blast.
* * * LOW HITPOINT WARNING * * *
The gnoll hits you from afar with a +0 halberd.
You die...

.........#####....#
.........$.g)#....#
.......).)††g.##
..........###†.####
.........)..##....#
........)...#...(.#
.#####.#?...#.#.#...#
###.#....g.#.#.#.#
.......@..g#.# . #
####............
##......#...#
#............
#....%.......
#.#.#...#....
#.#....##....
..##...# ..


You could see 2 gnolls.

Vanquished Creatures
  2 black bears (D:4)
  An ogre (D:3)
  3 scorpions (D:5)
  4 wights (D:5)
  An orc priest (D:3)
  A hound (D:4)
  A jelly (D:4)
  A gnoll bouda (D:5)
  2 sleepcaps
  2 iguanas
  3 orc wizards
  A gnoll (D:5)
  4 adders
  A shadow imp (D:5)
  2 ribbon worms (D:2)
  A dart slug (D:4)
  17 orcs
  3 endoplasms (D:2)
  4 giant cockroaches
  6 goblins
  10 hobgoblins
  3 quokkas
  4 ball pythons
  4 bats
  5 kobolds
  4 rats
90 creatures vanquished.

Vanquished Creatures (others)
  3 fulminant prisms
3 creatures vanquished.

Grand Total: 93 creatures vanquished

Notes
Turn   | Place    | Note
-------+----------+-------------------------------------------
     0 | D:1      | miroman the Djinni Conjurer began the quest for the Orb.
     0 | D:1      | miroman set off with the following spells memorised: Magic
                  | Dart, Searing Ray, Fulminant Prism, Iskenderun's Mystic
                  | Blast.
     0 | D:1      | Reached XP level 1. HP: 15/15 MP: 0/0
   240 | D:1      | Reached XP level 2. HP: 21/22 MP: 0/0
   357 | D:1      | Reached skill level 1 in Fighting
   585 | D:1      | Found Cueh's Distillery.
   904 | D:2      | Reached XP level 3. HP: 21/27 MP: 0/0
   904 | D:2      | Learned a level 1 spell: Freeze
  1296 | D:2      | Identified the +10 dagger "Buesi" {freeze, ^Fragile Dex+2
                  | Stlth+}
  1447 | D:3      | Reached XP level 4. HP: 33/34 MP: 0/0
  1600 | D:3      | Found an ornate altar of the Wu Jian Council.
  1656 | D:3      | Reached XP level 5. HP: 21/40 MP: 0/0
  1656 | D:3      | Learned a level 2 spell: Momentum Strike
  1837 | D:3      | Noticed an ogre
  1843 | D:3      | Killed an ogre
  1923 | D:3      | Found a glowing golden altar of the Shining One.
  1992 | D:3      | Reached XP level 6. HP: 42/47 MP: 0/0
  2392 | D:4      | Reached skill level 5 in Spellcasting
  2392 | D:4      | Reached skill level 5 in Conjurations
  2392 | D:4      | Reached skill level 5 in Hexes
  2392 | D:4      | Reached skill level 5 in Summonings
  2392 | D:4      | Reached skill level 5 in Necromancy
  2392 | D:4      | Reached skill level 5 in Translocations
  2392 | D:4      | Reached skill level 5 in Fire Magic
  2392 | D:4      | Reached skill level 5 in Ice Magic
  2392 | D:4      | Reached skill level 5 in Air Magic
  2392 | D:4      | Reached skill level 5 in Earth Magic
  2392 | D:4      | Reached skill level 5 in Alchemy
  2496 | D:4      | Noticed a black bear
  2501 | D:4      | Killed a black bear
  2502 | D:4      | Reached XP level 7. HP: 48/53 MP: 0/0
  2502 | D:4      | Learned a level 2 spell: Mercury Vapours
  2615 | D:4      | Found a broken altar of Ashenzari.
  2630 | D:4      | Found a basalt altar of Yredelemnul.
  2637 | D:4      | Found an opulent altar of Gozag.
  2643 | D:4      | Became a worshipper of Ashenzari the Shackled
  2652 | D:4      | Found a hide-covered altar of Uskayaw.
  2794 | D:4      | Reached skill level 5 in Fighting
  3113 | D:5      | Entered Level 5 of the Dungeon
  3121 | D:5      | Reached XP level 8. HP: 53/61 MP: 0/0
  3163 | D:5      | Slain by a gnoll

Illustrated notes

Levels and vault maps discovered:
D:1:      kilobyte_arrival_exit_the_forest, layout_basic, serial_shops, shop
D:2:      layout_basic
D:3:      layout_basic, mainiacjoe_overflow_boulevard,
          mainiacjoe_overflow_surrounded_room, overflow_temple_1_default
D:4:      layout_rooms, nicolae_overflow_quartered_altars, minmay_bent
D:5:      layout_rooms

Skill      XL: |  1  2  3  4  5  6  7  8 |
---------------+-------------------------+-----
Fighting       | 1 2 3 4 5 6 |  6.7
Spellcasting   | 4 5 6 |  6.2
Conjurations   | 4 5 6 |  6.2
Hexes          | 4 5 6 |  6.2
Summonings     | 4 5 6 |  6.2
Necromancy     | 4 5 6 |  6.2
Translocations | 4 5 6 |  6.2
Fire Magic     | 4 5 6 |  6.2
Ice Magic      | 4 5 6 |  6.2
Air Magic      | 4 5 6 |  6.2
Earth Magic    | 4 5 6 |  6.2
Alchemy        | 4 5 6 |  6.2
Dodging        | |  2.1
Stealth        | |  1.5

Action                     |  1- 3 |  4- 6 |  7- 9 || total
---------------------------+-------+-------+-------++-------
   Cast: Magic Dart        |    78 |    59 |    48 ||   185
         Searing Ray       |       |     8 |     3 ||    11
         Fulminant Prism   |       |     1 |     2 ||     3
         Mercury Vapours   |       |       |     1 ||     1
         Iskenderun's Myst |       |       |    11 ||    11
         Freeze            |       |       |     1 ||     1
         Momentum Strike   |       |       |     1 ||     1
    Use: Scroll            |     1 |     5 |     1 ||     7
         Potion            |       |     1 |     3 ||     4
 Armour: Robe              |     7 |    16 |    14 ||    37
  Dodge: Dodged            |     6 |     6 |     8 ||    20

Table legend: (Time is in decaauts)
 A = Elapsed time spent in this place.
 B = Non-inter-level travel time spent in this place.
 C = Inter-level travel time spent in this place.
 D = Time resting spent in this place.
 E = Time spent auto-exploring this place.
 F = Levels seen in this place.
 G = Mean time per level.
                   A        B        C        D        E       F      G
               +--------+--------+--------+--------+--------+-----+--------+
         Total |   3161 |   3049 |    112 |      0 |   2596 |   5 |  632.2 |
       Dungeon |   3161 |   3049 |    112 |      0 |   2596 |   5 |  632.2 |
               +--------+--------+--------+--------+--------+-----+--------+

Top non-repeatable levels by time:
     D:4: 916 daAuts
     D:1: 804 daAuts
     D:3: 792 daAuts
     D:2: 597 daAuts
     D:5: 49 daAuts
